 Dungeon Crawl Stone Soup version 0.16.1-5-gaa23807 (webtiles) character file.

147 Psiweapon the Chopper (level 5, -5/42 HPs)
             Began as a Hill Orc Gladiator on Mar 28, 2015.
             Slain by Psiweapon's ghost (13 damage)
             ... on level 3 of the Dungeon.
             The game lasted 00:10:19 (3197 turns).

Psiweapon the Chopper (Hill Orc Gladiator)          Turns: 3197, Time: 00:10:20

Health: -5/42      AC:  4    Str: 18    XL:     5   Next: 29%
Magic:  5/5        EV: 12    Int:  8    God:
Gold:   101        SH:  0    Dex: 12    Spells: 0 memorised, 4 levels left

rFire  . . .     SeeInvis +     a - +0 war axe
rCold  . . .     Clarity  .     b - +0 leather armour
rNeg   . . .     SustAb   .     (no shield)
rPois  .         Gourm    .     c - +0 helmet
rElec  .         Spirit   .     (no cloak)
rCorr  .         Warding  .     (no gloves)
rMut   .         Stasis   .     (no boots)
MR     .....                    (no amulet)
Stlth  +.........               (no ring)
                                q - ring of see invisible

@: confused, not resistant to hostile enchantments, very unstealthy
A: no striking features
a: no special abilities


You were on level 3 of the Dungeon.
You were not hungry.

You visited 1 branch of the dungeon, and saw 4 of its levels.

You collected 101 gold pieces.

Inventory:

Hand weapons
 a - a +0 war axe (weapon)
Missiles
 d - 3 throwing nets
 h - 16 stones (quivered)
 p - 20 poisoned needles
 s - 6 curare-tipped needles
Armour
 b - a +0 leather armour (worn)
 c - a +0 helmet (worn)
Jewellery
 e - an uncursed ring of ice
 j - an uncursed ring of loudness
 q - a ring of see invisible (left hand)
Scrolls
 g - 3 scrolls of remove curse
 l - 2 scrolls of immolation
 n - a scroll of magic mapping
Potions
 i - a potion of magic
 k - a potion of restore abilities {unknown}
 m - a potion of mutation {unknown}
 r - a potion of heal wounds {unknown}
 w - a potion of ambrosia
Comestibles
 f - 2 meat rations
 o - 3 chunks of flesh


   Skills:
 - Level 2.4 Fighting
 + Level 7.0 Axes
 - Level 2.0 Throwing
 - Level 3.0 Dodging


You had 4 spell levels left.
You didn't know any spells.

Dungeon Overview and Level Annotations

Branches:
Dungeon (4/15)
 Temple: D:4-7

Altars:
Ashenzari
Trog
Xom

Annotations:
D:3 Psiweapon's ghost, average HOFi


Message History

Psiweapon's ghost hits you!
A kobold comes into view. It is wielding a dagger.
The kobold shouts!
You hit Psiweapon's ghost but do no damage.
Psiweapon's ghost is lightly damaged.
The kobold throws a stone.
The stone hits you but does no damage. Psiweapon's ghost hits you!
You hit Psiweapon's ghost.
Psiweapon's ghost is lightly damaged.
The kobold throws a stone.
The stone closely misses you. Psiweapon's ghost hits you!
* * * LOW HITPOINT WARNING * * *
You hit Psiweapon's ghost but do no damage.
Psiweapon's ghost is lightly damaged.
Psiweapon's ghost hits you!
* * * LOW HITPOINT WARNING * * *
Drink which item? (? for menu, Esc to quit)
You are confused.
You feel invigorated. Psiweapon's ghost hits you!
You die...

#...###.######......
#...# #.# #.....รท
#...# #.# #......
#...###.# #......
###.....######......
#.................
#.................
#.................
#@....###### #####
#W....# #(....#
#(....# #.....#
...K.... .......
...... ### ..#


You could see Psiweapon's ghost and a kobold.

Vanquished Creatures
  An orc priest (D:4)
  4 adders (D:2)
  A shadow imp (D:2)
  A giant mite (D:1)
  2 worms
  A giant gecko (D:3)
  3 orcs (D:3)
  7 hobgoblins
  4 jackals (D:1)
  4 kobolds
  2 ball pythons
  7 bats
  5 giant cockroaches
  4 giant newts
  6 goblins
  A quokka (D:2)
  9 rats
62 creatures vanquished.

Notes
Turn   | Place    | Note
--------------------------------------------------------------
     0 | D:1      | Psiweapon, the Hill Orc Gladiator, began the quest for the Orb.
     0 | D:1      | Reached XP level 1. HP: 18/18 MP: 1/1
   221 | D:1      | Reached XP level 2. HP: 16/25 MP: 2/2
   799 | D:1      | Reached XP level 3. HP: 30/30 MP: 3/3
   831 | D:1      | Reached skill level 5 in Axes
  1458 | D:2      | Found a bloodstained altar of Trog.
  1555 | D:3      | Found a shattered altar of Ashenzari.
  1628 | D:3      | Noticed Psiweapon's ghost (average HOFi)
  1757 | D:2      | Reached XP level 4. HP: 23/37 MP: 4/4
  2178 | D:2      | Reached skill level 6 in Axes
  2530 | D:4      | HP: 1/37 [orc priest/nerve-wracking pain (12)]
  2531 | D:4      | Reached XP level 5. HP: 1/42 MP: 5/5
  2797 | D:3      | Found a shimmering altar of Xom.
  2798 | D:3      | Found a shimmering altar of Xom.
  2798 | D:3      | Found a shimmering altar of Xom.
  2855 | D:3      | Reached skill level 7 in Axes
  3197 | D:3      | Slain by Psiweapon's ghost

Action                   |  1- 3 |  4- 6 || total
-------------------------+-------+-------++-------
Melee: War axe           |   112 |    94 ||   206
Throw: Stone             |     1 |     2 ||     3
  Use: Scroll            |     3 |     3 ||     6
       Potion            |       |     3 ||     3
 Stab: Sleeping          |       |     1 ||     1
  Eat: Chunk             |     2 |     3 ||     5
       Bread ration      |       |     1 ||     1
